 Dungeon Crawl Stone Soup version 0.28-a0-1406-ga8dd43b1d0 (webtiles) character file.

Game seed: 14523190493696981809

2692 Deminshera the Destroyer (level 9, -3/70 HPs)
             Began as a Black Draconian Conjurer on Jan 6, 2022.
             Was an Initiate of Vehumet.
             Killed from afar by Harold (17 damage)
             ... with a harpoon shot
             ... on level 7 of the Dungeon.
             The game lasted 00:19:29 (16821 turns).

Deminshera the Destroyer (DrCj)                    Turns: 16821, Time: 00:19:29

Health: -3/70      AC: 11    Str:  9    XL:     9   Next: 38%
Magic:  1/18       EV: 11    Int: 23    God:    Vehumet [......]
Gold:   304        SH:  9    Dex: 10    Spells: 6/20 levels left

rFire   . . .      SeeInvis .   n - +2 dagger (drain)
rCold   . . .      Faith    .   e - +0 buckler
rNeg    . . .      Spirit   .   (armour unavailable)
rPois   +          Reflect  +   (helmet restricted)
rElec   +          Harm     .   j - +0 cloak
rCorr   .          Rampage  .   (no gloves)
Will    .....                   y - +2 pair of boots
Stlth   ++........              h - amulet of reflection
HPRegen 0.21/turn               r - ring of poison resistance
MPRegen 0.16/turn               (no ring)

@: marked
A: breathe lightning, AC +7, unfitting armour, electricity resistance,
cold-blooded
a: Breathe Lightning, Renounce Religion


You were on level 7 of the Dungeon.
You worshipped Vehumet.
Vehumet was noncommittal.
You visited 2 branches of the dungeon, and saw 9 of its levels.

You collected 304 gold pieces.

Inventory:

Hand Weapons
 n - a +2 dagger of draining (weapon)
 p - the +9 great mace "Kahecuul" {vorpal, rF++ rN+ Int+3 Dex-3}
   (You took it off an ogre on level 4 of the Dungeon)

   It inflicts extra damage upon your enemies.
   Int:       It affects your intelligence (+3).
   Dex:       It affects your dexterity (-3).
   rF:        It greatly protects you from fire.
   rN:        It protects you from negative energy.
Missiles
 f - 29 poisoned darts
Armour
 e - a +0 buckler (worn)
 j - a +0 cloak (worn)
 y - a +2 pair of boots (worn)
Jewellery
 h - an amulet of reflection (around neck)
 r - a ring of poison resistance (left hand)
Scrolls
 a - a scroll of fog
 b - 2 scrolls of immolation {unknown}
 c - a scroll of brand weapon {unknown}
 g - a scroll of fear {unknown}
 i - a scroll of vulnerability
 k - a scroll of enchant armour {unknown}
 m - 2 scrolls of teleportation
 o - a scroll of magic mapping {unknown}
 s - a scroll of identify
 w - a scroll of blinking {unknown}
 A - a scroll of enchant weapon {unknown}
Potions
 d - 2 potions of flight
 l - 3 potions of curing
 q - a potion of heal wounds
 t - a potion of attraction {unknown}
 u - 2 potions of lignification {unknown}
 v - 2 potions of might {unknown}
 x - 2 potions of brilliance {unknown}
 z - a potion of degeneration {unknown}


   Skills:
 + Level 3.5 Fighting
 - Level 2.0 Dodging
 - Level 2.0 Stealth
 - Level 4.0 Shields
 - Level 6.0 Spellcasting
 - Level 8.0 Conjurations
 + Level 4.9 Hexes
 + Level 3.9 Translocations


You had 6 spell levels left.
You knew the following spells:

 Your Spells              Type           Power      Damage    Failure   Level
a - Magic Dart            Conj           100%       1d8       1%          1
b - Searing Ray           Conj           86%        2d7       1%          2
c - Fulminant Prism       Conj/Hex       18%        3d11      8%          4
d - Iskenderun's Mystic   Conj/Tloc      34%        2d8       10%         4
e - Tukima's Dance        Hex            29%        N/A       4%          3

Your spell library contained the following spells:

 Spells                   Type           Power      Damage    Failure   Level
 Sandblast                Erth           12%        2d6       11%         1
 Dazzling Flash           Conj/Hex       72%        N/A       2%          3
 Ensorcelled Hibernation  Hex/Ice        36%        N/A       6%          2
 Summon Small Mammal      Summ           24%        N/A       11%         1
 Summon Guardian Golem    Hex/Summ       18%        N/A       12%         3
 Corpse Rot               Necr/Air       12%        N/A       16%         2
 Poisonous Vapours        Pois/Air       12%        N/A       16%         2
 Call Canine Familiar     Summ           6%         N/A       32%         3
 Enfeeble                 Hex            14%        N/A       100%        7


Dungeon Overview and Level Annotations

Branches:
Dungeon (8/15)             Temple (1/1) D:4
   Lair: D:8-11

Altars:
Ashenzari
Cheibriados
Dithmenos
Elyvilon
Gozag
Hepliaklqana
Kikubaaqudgha
Makhleb
Okawaru
Ru
Vehumet
Xom
The Shining One

Annotations:
D:7 Harold


Innate Abilities, Weirdness & Mutations

You can breathe wild blasts of lightning.
Your glossy black scales are hard. (AC +7)
You cannot fit into any form of body armour.
You are resistant to electric shocks. (rElec)
You are cold-blooded and may be slowed by cold attacks.


Message History

Confirm with . or Enter, or press ? or * to list all spells.
Aiming: Fulminant Prism (dangerous; 8% risk of failure)
Press: ? - help, Dir - move target You conjure a prism of explosive energy!
A fulminant prism comes into view.
You block Harold's attack.
Your fulminant prism crackles loudly.
Harold points at you and mumbles some strange words.
A sentinel's mark forms upon you.
Your fulminant prism explodes!
The blast of energy engulfs Harold!!
Harold is severely wounded.
Casting: Fulminant Prism (dangerous; 8% risk of failure)
Confirm with . or Enter, or press ? or * to list all spells.
You don't have enough magic to cast this spell.
Harold misses you. Harold fires a harpoon shot at you.
The harpoon shot hits you!
You are yanked forward by the harpoon shot.
Casting: Fulminant Prism (dangerous; 8% risk of failure)
Confirm with . or Enter, or press ? or * to list all spells.
Aiming: Fulminant Prism (dangerous; 8% risk of failure)
Press: ? - help, Dir - move target You conjure a prism of explosive energy!
A fulminant prism comes into view.
You block Harold's attack.
Your fulminant prism crackles loudly.
Harold hits you!
Your fulminant prism explodes!
The blast of energy engulfs Harold!!
Harold is almost dead.
Harold points at you and mumbles some strange words.
The mark upon you grows brighter. Harold fires a harpoon shot at you.
The harpoon shot hits you!
* * * LOW HITPOINT WARNING * * *
You are yanked forward by the harpoon shot.
Harold fires a harpoon shot at you. The harpoon shot hits you!
You die...

#♣.§.§...≈.♣###'###.........# #.
#♣§§§≈≈≈.≈§♣#......#.#.##.#.# #.
#♣.≈≈...≈≈.♣#......#...##.#.####.
.♣.≈≈._.≈≈.♣.......##.....#......
#♣.§§§..≈≈.♣..#'#####..##########
♣.≈.≈≈≈.≈.♣..#........#
♣.≈.....≈.♣..+.......>#
#♣..≈≈≈§≈..♣###.......##
..♣♣♣♣♣♣♣♣♣.....@...### #.#
#[..............# #.#
#..(.......@....# #.#
#...............# #.#
#.......<.......#
#.###...............#
#.(..###....######### ####.#
#....# ..##.# #....#


You could see Harold.

Vanquished Creatures
  2 wyverns
  A water moccasin (D:5)
  A sky beast (D:7)
  2 orc warriors
  A necrophage (D:5)
  2 ice beasts
  A hornet zombie (D:7)
  3 ogres
  A phantom (D:3)
  A bullfrog (D:7)
  A scorpion (D:4)
  A wyvern skeleton (D:6)
  3 wights (D:5)
  A howler monkey (D:4)
  A gnoll shaman (D:6)
  4 orc priests
  4 hounds
  A centaur skeleton (D:5)
  4 iguanas
  5 orc wizards
  The ghost of paps the Sneak, a weakling OpDe (D:4)
  A hound zombie (D:5)
  8 gnolls
  4 adders
  A shadow imp (D:7)
  A white imp (D:7)
  3 dart slugs
  11 orcs
  12 endoplasms
  2 giant cockroaches
  7 goblins
  12 hobgoblins
  5 kobolds
  3 quokkas
  7 ball pythons
  5 bats
  5 frilled lizards
  4 rats
132 creatures vanquished.

Vanquished Creatures (collateral kills)
  5 wights
5 creatures vanquished.

Vanquished Creatures (others)
  6 fulminant prisms
  A plant (D:6)
7 creatures vanquished.

Grand Total: 144 creatures vanquished

Notes
Turn   | Place    | Note
-------+----------+-------------------------------------------
     0 | D:1      | Deminshera the Draconian Conjurer began the quest for the
                  | Orb.
     0 | D:1      | Reached XP level 1. HP: 14/14 MP: 3/3
   876 | D:1      | Reached XP level 2. HP: 20/20 MP: 3/5
   879 | D:1      | Learned a level 2 spell: Searing Ray
  2612 | D:2      | Reached XP level 3. HP: 26/26 MP: 3/6
  2826 | D:2      | Found a faded altar of an unknown god.
  3246 | D:2      | Reached skill level 1 in Shields
  4102 | D:3      | Reached XP level 4. HP: 33/33 MP: 1/8
  4836 | D:3      | Noticed a phantom
  4843 | D:3      | Killed a phantom
  4844 | D:3      | Reached XP level 5. HP: 38/38 MP: 0/9
  5370 | D:3      | Reached skill level 5 in Conjurations
  5684 | D:3      | Found a snail-covered altar of Cheibriados.
  5910 | D:4      | Found a transporter.
  6774 | D:4      | Reached XP level 6. HP: 39/45 MP: 3/11
  8140 | D:4      | Found a staircase to the Ecumenical Temple.
  8150 | D:4      | Your scales start taking on a glossy black colour.
  8150 | D:4      | Reached XP level 7. HP: 38/50 MP: 4/13
  8150 | D:4      | Gained mutation: You are resistant to electric shocks.
                  | (rElec) [Black Draconian growth]
  8158 | Temple   | Entered the Ecumenical Temple
  8266 | Temple   | Became a worshipper of Vehumet
  8829 | D:4      | Noticed paps's ghost (weakling OpDe)
  8829 | D:4      | Identified the +9 great mace "Kahecuul" {vorpal, rF++ rN+
                  | Int+3 Dex-3}
  8831 | D:4      | Found a transporter.
  8844 | D:4      | Reached skill level 6 in Conjurations
  9264 | D:4      | Killed paps's ghost
  9566 | D:5      | Entered Level 5 of the Dungeon
  9606 | D:5      | Found a shimmering altar of Xom.
  9607 | D:5      | Found a hazy altar of Hepliaklqana.
  9608 | D:5      | Noticed a spectral ugly thing
  9628 | D:5      | Reached skill level 5 in Spellcasting
 10654 | D:5      | Learned a level 4 spell: Fulminant Prism
 10659 | D:5      | Learned a level 4 spell: Iskenderun's Mystic Blast
 11482 | D:5      | Found an opulent altar of Gozag.
 11503 | D:5      | Reached skill level 7 in Conjurations
 11503 | D:5      | Reached skill level 1 in Hexes
 11503 | D:5      | Reached skill level 1 in Translocations
 11503 | D:5      | Reached XP level 8. HP: 41/57 MP: 6/16
 12600 | D:5      | Reached skill level 8 in Conjurations
 13270 | D:6      | Learned a level 3 spell: Tukima's Dance
 13286 | D:6      | Reached skill level 1 in Fighting
 13299 | D:6      | Reached * piety under Vehumet
 13299 | D:6      | Offered knowledge of Sandblast by Vehumet.
 13300 | D:6      | Reached XP level 9. HP: 60/64 MP: 5/18
 14184 | D:7      | Found a broken altar of Ashenzari.
 14328 | D:7      | Found an ancient bone altar of Kikubaaqudgha.
 14474 | D:7      | Found a shadowy altar of Dithmenos.
 16027 | D:8      | Noticed Harold
 16821 | D:7      | Killed from afar by Harold

Illustrated notes

Levels and vault maps discovered:
D:1:      mrwooster_arrival_arrow, layout_loops_corners
D:2:      layout_basic, shapermc_ecumenical_altar_pompeii, minmay_joined_circles
D:3:      layout_basic, cheibriados_altar_1, kennysheep_generic_room_5
D:4:      layout_loops_ring, minmay_temple_entry_proselytizer,
          gammafunk_ghost_smash, minmay_misc_feat_diagonals,
          hangedman_decor_growths, hangedman_decor_riveting
D:5:      layout_basic, regret_index_temple_of_mockery,
          mainiacjoe_overflow_small_starburst
D:6:      layout_cave_pools, dk_noncrumbling_2, serial_bayou_pond_d
D:7:      layout_basic, mainiacjoe_overflow_paths, ashenzari_altar_1,
          lemuel_round_altar, serial_park_tiny_2
D:8:      layout_loops_corners, zin_statuary, dpeg_lair_monsters,
          gammafunk_ghost_berserking_beasts, uniq_harold
Temple:   dpeg_three_leaves_temple

Skill      XL: |  1  2  3  4  5  6  7  8  9 |
---------------+----------------------------+-----
Stealth        | 2 |  2.0
Dodging        | 2 |  2.0
Shields        | 1 2 3 4 |  4.0
Spellcasting   | 3 4 5 6 |  6.0
Conjurations   | 5 7 8 |  8.0
Hexes          | 1 4 |  4.9
Translocations | 1 2 3 |  3.9
Fighting       | 1 3 |  3.5

Action                   |  1- 3 |  4- 6 |  7- 9 || total
-------------------------+-------+-------+-------++-------
Melee: Unarmed           |    12 |       |       ||    12
       Tailslap          |     3 |     2 |     6 ||    11
       Short sword       |     7 |       |       ||     7
       Dagger            |       |    52 |    36 ||    88
Throw: Dart              |     7 |       |       ||     7
 Cast: Magic Dart        |    53 |    66 |    62 ||   181
       Searing Ray       |    10 |    15 |    42 ||    67
       Tukima's Dance    |       |       |    19 ||    19
       Iskenderun's Myst |       |       |    11 ||    11
       Fulminant Prism   |       |       |     6 ||     6
 Abil: Breathe Lightning |       |       |    16 ||    16
  Use: Scroll            |       |     2 |     7 ||     9
 Stab: Sleeping          |     1 |       |       ||     1
Armor: Skin              |    11 |    15 |    31 ||    57
Dodge: Dodged            |    23 |    29 |    61 ||   113
Block: Buckler           |     5 |    23 |    64 ||    92
       Reflection        |     1 |       |     2 ||     3

Table legend: (Time is in decaauts)
 A = Elapsed time spent in this place.
 B = Non-inter-level travel time spent in this place.
 C = Inter-level travel time spent in this place.
 D = Time resting spent in this place.
 E = Time spent auto-exploring this place.
 F = Levels seen in this place.
 G = Mean time per level.
                   A        B        C        D        E       F      G
               +--------+--------+--------+--------+--------+-----+--------+
         Total |  16818 |  16603 |    215 |  10123 |   4834 |   9 | 1868.7 |
       Dungeon |  16697 |  16504 |    193 |  10123 |   4744 |   8 | 2087.1 |
        Temple |    120 |     98 |     22 |      0 |     90 |   1 |  120.0 |
               +--------+--------+--------+--------+--------+-----+--------+

Top non-repeatable levels by time:
     D:4: 3665 daAuts
     D:5: 3452 daAuts
     D:7: 2365 daAuts
     D:2: 2162 daAuts
     D:1: 1902 daAuts
     D:3: 1725 daAuts
     D:6: 1163 daAuts
     D:8: 261 daAuts
  Temple: 120 daAuts
